 Dungeon Crawl Stone Soup version 0.25-a0-167-g836c352ace (webtiles) character file.

Game seed: 5738797592066590259, levelgen mode: deterministic

134 Arum the Ducker (level 5, -6/32 HPs)
             Began as a Tengu Gladiator on Nov 25, 2019.
             Was an Initiate of Gozag.
             Killed by divine providence
             ... invoked by an orc priest
              (11 damage)
             ... on level 3 of the Dungeon.
             The game lasted 00:04:17 (2687 turns).

Arum the Ducker (Tengu Gladiator)                   Turns: 2687, Time: 00:04:17

Health: -6/32      AC:  3    Str: 15    XL:     5   Next: 17%
Magic:  6/6        EV: 17    Int:  9    God:    Gozag
Gold:   270        SH:  0    Dex: 15    Spells: 4/4 levels left

rFire    . . .     SeeInvis .   a - +0 trident
rCold    . . .     Gourm    .   (no shield)
rNeg     . . .     Faith    .   n - +0 leather armour (curse)
rPois    .         Spirit   .   c - +0 hat
rElec    .         Reflect  .   (no cloak)
rCorr    .         Harm     .   (no gloves)
MR       .....                  (boots unavailable)
Stlth    +.........             (no amulet)
HPRegen  0.10/turn              (no ring)
MPRegen  0.10/turn              (no ring)

@: flying quickly and evasively, quick
A: beak, talons 3, able to fly
a: Stop Flying, Potion Petition, Call Merchant, Bribe Branch, Renounce Religion


You were on level 3 of the Dungeon.
You worshipped Gozag.
Gozag was aware of your devotion.
You were hungry.

You visited 1 branch of the dungeon, and saw 3 of its levels.

You collected 288 gold pieces.
You paid 18 gold pieces to Gozag.

Inventory:

Hand Weapons
 a - a +0 trident (weapon)
Missiles
 d - 4 throwing nets (quivered)
 k - 7 poisoned darts
Armour
 b - a +0 ring mail
 c - a +0 hat (worn)
 n - a cursed +0 leather armour (worn)
Jewellery
 p - an uncursed ring of protection from fire {unknown}
Scrolls
 g - 3 scrolls of identify {unknown}
 h - a scroll of enchant weapon {unknown}
 l - 2 scrolls of fear {unknown}
 m - a scroll of immolation {unknown}
 q - a scroll of blinking {unknown}
Potions
 e - 2 potions of ambrosia {unknown}
 i - 2 potions of curing {unknown}
 j - a potion of degeneration {unknown}
 o - a potion of haste {unknown}
Comestibles
 f - 2 rations


   Skills:
 + Level 3.3 Fighting
 + Level 4.4 Polearms
 - Level 2.0 Throwing
 + Level 4.5 Dodging


You had 4 spell levels left.
You didn't know any spells.
Your spell library contained the following spells:

 Spells                   Type           Power        Failure   Level  Hunger
 Beastly Appendage        Tmut           #.....       45%         1    ##.....
 Sticks to Snakes         Tmut           #.......     58%         2    ###....
 Spider Form              Tmut/Pois      #.........   83%         3    ####...
 Ice Form                 Ice/Tmut       #.......     99%         4    #####..
 Blade Hands              Tmut           #.........   100%        5    ######.


Dungeon Overview and Level Annotations

Branches:
Dungeon (3/15)

Altars:
Gozag
Nemelex Xobeh
Qazlal


Innate Abilities, Weirdness & Mutations

You have a beak for a mouth.
You have claws for feet.
You can fly continuously.


Message History

The orc priest is almost dead.
The quokka misses you.
The orc priest calls down the wrath of Beogh upon you.
Beogh smites you!
* * * LOW HITPOINT WARNING * * *
The orc completely misses you.
The orc priest begins to cast a cantrip, but forgets the words!
The quokka completely misses you.
Attack whom?
Press: ? - help, Dir - move target cursor, f - orc priest
Aim: an orc priest, wielding a +1 flail of protection (almost dead)
The quokka is in the way.
You barely miss the quokka. You claw the quokka.
The quokka is lightly wounded.
The orc is no longer distracted by gold.
The quokka closely misses you.
The orc priest looks braver for a moment.
The orc priest mumbles some strange prayers to Beogh against you.
Beogh smites you!
You die...
Your body crumbles into a pile of gold.

#....# #....#
+....+
#....###...
#.$.....^.
#..### #.{o.#
###.o#r########.
+..(....@......>
#..#<#+###.##...
##$##......# #.
#......# .
##.#......# ..
##........# ...
#....<)...##...
#.#.........#
#.......#.#.#


You could see an orc priest, an orc and a quokka.

Vanquished Creatures
  5 adders
  2 dart slugs
  2 leopard geckos
  2 orcs (D:3)
  A ball python (D:2)
  4 giant cockroaches
  13 goblins
  7 hobgoblins
  10 jackals
  9 kobolds
  8 bats
  4 frilled lizards
  11 rats
78 creatures vanquished.

Notes
Turn   | Place    | Note
-------+----------+-------------------------------------------
     0 | D:1      | Arum the Tengu Gladiator began the quest for the Orb.
     0 | D:1      | Reached XP level 1. HP: 12/12 MP: 2/2
    39 | D:1      | Reached XP level 2. HP: 10/17 MP: 3/3
   554 | D:1      | Reached XP level 3. HP: 20/22 MP: 4/4
  1693 | D:2      | Reached XP level 4. HP: 22/27 MP: 5/5
  1977 | D:2      | Found an opulent altar of Gozag.
  1978 | D:2      | Found a sparkling altar of Nemelex Xobeh.
  1984 | D:2      | Became a worshipper of Gozag Ym Sagoz the Greedy
  2409 | D:3      | Found a stormy altar of Qazlal.
  2595 | D:3      | Gained mutation: You can fly continuously. [Tengu growth]
  2595 | D:3      | Reached XP level 5. HP: 32/32 MP: 6/6
  2687 | D:3      | Killed from afar by an orc priest

Levels and vault maps discovered:
D:1:      elethiomel_arrival_infinity_welcomes_careful_drivers,
          layout_loops_ring, serial_rivers, chequers_serial_rivers_micro_c,
          chequers_serial_rivers_large_b, chequers_serial_rivers_small_3,
          chequers_serial_rivers_room_b, chequers_serial_rivers_marsh
D:2:      layout_loops_ring, grunt_temple_overflow_opulence
D:3:      layout_basic, grunt_ministairs_14, lemuel_tele_altar

Skill      XL: |  1  2  3  4 |
---------------+-------------+-----
Dodging        | 4 |  4.5
Polearms       | 4 |  4.4
Fighting       | 3 |  3.3
Throwing       | |  2.0

Action                   |  1- 3 |  4- 6 || total
-------------------------+-------+-------++-------
Melee: Trident           |    97 |   105 ||   202
       Kick              |    18 |    15 ||    33
       Peck              |     9 |    11 ||    20
 Abil: Fly               |       |     1 ||     1
 Stab: Sleeping          |     2 |       ||     2
  Eat: Chunk             |     1 |     1 ||     2
       Ration            |       |     1 ||     1
Armor: Leather armour    |    17 |    12 ||    29
       Ring mail         |     6 |       ||     6
Dodge: Dodged            |    43 |    69 ||   112

Table legend:
 A = Non-vault XP
 B = Vault XP
 C = Vault XP percentage of total XP
 D = Non-vault monster count
 E = Vault monster count
 F = Vault count percentage of total count
                 A         B        C        D         E       F
            +---------+---------+-------+---------+---------+-------
      Total |     178 |      14 |   7.3 |      76 |       2 |   2.6
            +---------+---------+-------+---------+---------+-------
        D:1 |      62 |       0 |   0.0 |      36 |       0 |   0.0
        D:2 |      62 |       0 |   0.0 |      24 |       0 |   0.0
        D:3 |      54 |      14 |  20.6 |      16 |       2 |  11.1
            +---------+---------+-------+---------+---------+-------
